 Dungeon Crawl Stone Soup version 0.29.1-debian-4-g95531337e3 (webtiles) character file.

Game seed: 7277734942997071375

28 DEFE the Trooper (level 3, -5/30 HPs)
             Began as a Djinni Fighter on Sept 13, 2022.
             Killed from afar by Terence (16 damage)
             ... with a bolt of dispelling energy
             ... on level 2 of the Dungeon.
             The game lasted 00:01:25 (1053 turns).

DEFE the Trooper (Djinni Fighter)                   Turns: 1053, Time: 00:01:26

Health: -5/30      AC:  6    Str: 17    XL:     3   Next: 27%
Gold:   27         EV:  9    Int:  9    God:
                   SH:  4    Dex: 12

rFire   + + .      SeeInvis .   k - +0 dagger (drain)
rCold   x . .      Faith    .   c - +0 buckler
rNeg    . . .      Spirit   .   b - +0 scale mail
rPois   ∞          Reflect  .   (no helmet)
rElec   .          Harm     .   (no cloak)
rCorr   .          Rampage  .   (no gloves)
Will    .....                   (boots unavailable)
Stlth   ..........              (no amulet)
HPRegen 0.10/turn               (no ring)
MPRegen 0.00/turn               (no ring)

@: flying
A: sickness immunity, fire resistance 2, cold vulnerability 1, float, innate
caster, HP casting, extra vitality 1
a: no special abilities


You were on level 2 of the Dungeon.
You visited 1 branch of the dungeon, and saw 2 of its levels.

You collected 27 gold pieces.

Inventory:

Hand Weapons
 a - a +0 long sword
 k - a +0 dagger of draining (weapon)
Armour
 b - a +0 scale mail (worn)
 c - a +0 buckler (worn)
Scrolls
 f - a scroll of torment {unknown}
 g - a scroll of blinking {unknown}
 h - a scroll of fear {unknown}
Potions
 d - a potion of might
 e - 2 potions of cancellation {unknown}
 i - a potion of lignification {unknown}
 j - a potion of resistance {unknown}


   Skills:
 + Level 3.3 Fighting
 + Level 2.2 Long Blades
 + Level 3.1 Armour
 + Level 3.3 Shields


You had one spell level left.
You knew the following spells:

 Your Spells              Type           Power      Damage    Failure   Level
a - Slow                  Hex            0%         N/A       87%         1
Your spell library was empty.

Dungeon Overview and Level Annotations

Branches:
Dungeon (2/15)

Altars:

Annotations:
D:2 Terence


Innate Abilities, Weirdness & Mutations

You are immune to sickness and miasma.
You are immune to poison.
Your flesh is very heat resistant. (rF++)
You are vulnerable to cold. (rC-)
You float through the air rather than walking.
You learn spells naturally, not from books.
Your magical power is your life essence.
You have superior vitality. (+4 MHP)


Message History

You now have 27 gold pieces (gained 15).
A kobold comes into view. It is wielding a +0 short sword.
A kobold is nearby!
The kobold shouts!
You hit the kobold. You drain the kobold.
You kill the kobold!
No target in view!
No target in view!
Terence the Incautious comes into view.
He is wielding a +0 mace and carrying a wand of quicksilver (10).
Terence shouts!
Terence zaps a wand.
The bolt of dispelling energy hits you.
A hobgoblin comes into view.
You take 5 damage, and have 25/30 hp.
Unknown command.
You start resting.
Terence is nearby!
You start resting.
Terence is nearby!
You block Terence's attack.
You hit Terence but do no damage. Terence hits you with a +0 mace.
You take 4 damage, and have 22/30 hp.
Unknown command.
You hit Terence but do no damage. Terence hits you with a +0 mace.
You take 1 damage, and have 21/30 hp.
Unknown command.
You hit Terence. You drain Terence. Terence hits you with a +0 mace.
You take 2 damage, and have 19/30 hp.
Unknown command.
You hit Terence but do no damage. Terence hits you with a +0 mace.
You take 3 damage, and have 16/30 hp.
Unknown command.
You hit Terence but do no damage. Terence hits you with a +0 mace.
You take 5 damage, and have 11/30 hp.
Unknown command.
You hit Terence. You drain Terence.
Terence zaps a wand.
The bolt of dispelling energy hits you!
Ouch! That really hurt!
You die...

#.# #.# #.# #.# #.##.#
.#########.#)#
.@.......#..#
.g.........#.#
.#######.#.#..###
#######@#.#.#.#..#
.#.....@........#.#
#....####.#.#.#..#.#
#.........#.#.#..#.#
.....####.#.#.#..#.#
.........#.#.#..#.######
...............))...<..
#######................
#..........<#######
###........##


You could see Terence (very drained).

Vanquished Creatures
  A ball python (D:1)
  5 endoplasms
  2 giant cockroaches (D:1)
  3 goblins (D:1)
  2 hobgoblins (D:1)
  5 kobolds
  A quokka (D:1)
  A bat (D:1)
  2 frilled lizards (D:1)
  3 rats (D:1)
25 creatures vanquished.

Notes
Turn   | Place    | Note
-------+----------+-------------------------------------------
     0 | D:1      | DEFE the Djinni Fighter began the quest for the Orb.
     0 | D:1      | Reached XP level 1. HP: 20/20 MP: 0/0
   293 | D:1      | Found a faded altar of an unknown god.
   330 | D:1      | Reached XP level 2. HP: 25/25 MP: 0/0
   767 | D:1      | Reached XP level 3. HP: 30/30 MP: 0/0
   767 | D:1      | Learned a level 1 spell: Slow
  1036 | D:2      | Noticed Terence
  1053 | D:2      | Killed from afar by Terence

Illustrated notes

Levels and vault maps discovered:
D:1:      tarquinn_simple_flora_water_e, layout_loops_ring,
          ebering_ecumenical_altar_webs
D:2:      layout_loops_ring, basic_altar, chequers_serial_rivers_large_a,
          minmay_shallow_snake_nest, uniq_robin, uniq_terence

Skill      XL: |  1  2 |
---------------+-------+-----
Long Blades    | 2 |  2.2
Fighting       | |  3.3
Armour         | |  3.1
Shields        | |  3.3

Action                   || total
-------------------------++-------
Melee: Long sword        ||    37
       Dagger            ||    25
Armor: Scale mail        ||    15
Dodge: Dodged            ||    20
Block: Buckler           ||    14
